3R
FRANKLIN FIRE @ BALLARD BEAVERS
07/25/2032
 
TOP OF THE 1ST
Franklin Fire batting - Pitching for Ballard Beavers : RHP Tomás García
Pitching: RHP Tomás García
Batting: LHB Wilson Hernández 0-0: Ball
1-0: Called Strike
1-1: Foul Ball, location: 2F
1-2: Fly out, F3 (Line Drive, 34)
Batting: RHB Djakapura Makanamaikai 0-0: Foul Ball, location: 2F
0-1: Foul Ball, location: 2F
0-2: Ball
1-2: Foul Ball, location: 2F
1-2: Foul Ball, location: 2F
1-2: Foul Ball, location: 2F
1-2: Ball
2-2: Foul Ball, location: 2F
2-2: Foul Ball, location: 2F
2-2: Strikes out looking
Batting: LHB Dave Milligan 0-0: Ball
1-0: SINGLE (Line Drive, 6M)
Batting: LHB Mitchell Pate 0-0: Ball
1-0: Ball
2-0: Foul Ball, location: 2F
2-1: Foul Ball, location: 2F
2-2: Foul Ball, location: 2F
2-2: Strikes out swinging
Top of the 1st over - 0 runs, 1 hit, 0 errors, 1 left on base; Franklin 0 - Ballard 0
BOTTOM OF THE 1ST
Ballard Beavers batting - Pitching for Franklin Fire : LHP Kohei Nishikawa
Pitching: LHP Kohei Nishikawa
Batting: LHB Peter Perrantes 0-0: Ball
1-0: Called Strike
1-1: Called Strike
1-2: Ball
2-2: Foul Ball, location: 2F
2-2: Strikes out swinging
Batting: RHB Carlo Manlulu 0-0: Ball
1-0: Ground out 6-3 (Groundball, 6)
Batting: RHB Marcos Avilés 0-0: Called Strike
0-1: Swinging Strike
0-2: Strikes out swinging
Bottom of the 1st over - 0 runs, 0 hits, 0 errors, 0 left on base; Franklin 0 - Ballard 0
TOP OF THE 2ND
Franklin Fire batting - Pitching for Ballard Beavers : RHP Tomás García
Batting: RHB Thomas Flyer 0-0: Ball
1-0: Ground out 6-3 (Groundball, 6)
Batting: RHB Peter Holland 0-0: Ball
1-0: Foul Ball, location: 2F
1-1: Ball
2-1: Called Strike
2-2: Strikes out swinging
Batting: RHB Dan Lewis 0-0: Ball
1-0: Ball
2-0: Called Strike
2-1: Ball
3-1: Swinging Strike
3-2: Strikes out swinging
Top of the 2nd over - 0 runs, 0 hits, 0 errors, 0 left on base; Franklin 0 - Ballard 0
BOTTOM OF THE 2ND
Ballard Beavers batting - Pitching for Franklin Fire : LHP Kohei Nishikawa
Batting: RHB Jovy Marcelo 0-0: Called Strike
0-1: Foul Ball, location: 2F
0-2: Ground out 6-3 (Groundball, 6)
Batting: SHB Alberto González 0-0: Fly out, F9 (Line Drive, 9)
Batting: LHB Senichi Ito 0-0: Called Strike
0-1: Ground out 6-3 (Groundball, 6M)
Bottom of the 2nd over - 0 runs, 0 hits, 0 errors, 0 left on base; Franklin 0 - Ballard 0
TOP OF THE 3RD
Franklin Fire batting - Pitching for Ballard Beavers : RHP Tomás García
Batting: LHB Kent Maxwell 0-0: Ball
1-0: Foul Ball, location: 2F
1-1: Foul Ball, location: 2F
1-2: Ball
2-2: Ball
3-2: Ground out 6-3 (Groundball, 6MD)
Batting: RHB Tom Winner 0-0: Fly out, F7 (Flyball, 78D)
Batting: LHB Wilson Hernández 0-0: Ball
1-0: Ball
2-0: Ball
3-0: Called Strike
3-1: Swinging Strike
3-2: Strikes out swinging
Top of the 3rd over - 0 runs, 0 hits, 0 errors, 0 left on base; Franklin 0 - Ballard 0
BOTTOM OF THE 3RD
Ballard Beavers batting - Pitching for Franklin Fire : LHP Kohei Nishikawa
Batting: RHB Clarence Coffin 0-0: Ball
1-0: Fly out, F7 (Flyball, 7)
Batting: SHB Chi-young Wa 0-0: Called Strike
0-1: Ball
1-1: DOUBLE (Flyball, 89D)
Batting: RHB Jim McMahon 0-0: Called Strike
0-1: Fly out, F8 (Flyball, 8LD)
Batting: LHB Peter Perrantes 0-0: Foul Ball, location: 2F
0-1: Called Strike
0-2: Foul Ball, location: 2F
0-2: Ball
1-2: Ball
2-2: Ball
3-2: Strikes out swinging
Bottom of the 3rd over - 0 runs, 1 hit, 0 errors, 1 left on base; Franklin 0 - Ballard 0
TOP OF THE 4TH
Franklin Fire batting - Pitching for Ballard Beavers : RHP Tomás García
Batting: RHB Djakapura Makanamaikai 0-0: Called Strike
0-1: Foul Ball, location: 2F
0-2: Hit by Pitch
Batting: LHB Dave Milligan 0-0: Called Strike
0-1: Ball
1-1: Foul Ball, location: 2F
1-2: Foul Ball, location: 2F
1-2: Ball
2-2: Fly out, F7 (Flyball, 78D)
Batting: LHB Mitchell Pate 0-0: Foul Ball, location: 2F
0-1: Ball
1-1: Ball
2-1: Ball
3-1: Called Strike
3-2: Fly out, F5 (Line Drive, 56)
Batting: RHB Thomas Flyer 0-0: Ground out U3 (Groundball, 3)
Top of the 4th over - 0 runs, 0 hits, 0 errors, 1 left on base; Franklin 0 - Ballard 0
BOTTOM OF THE 4TH
Ballard Beavers batting - Pitching for Franklin Fire : LHP Kohei Nishikawa
Batting: RHB Carlo Manlulu 0-0: Ball
1-0: Ground out 4-3 (Groundball, 34)
Batting: RHB Marcos Avilés 0-0: Ball
1-0: Fly out, F4 (Popup, 4)
Batting: RHB Jovy Marcelo 0-0: Ball
1-0: Ball
2-0: Foul Ball, location: 2F
2-1: Reached on error, E5 (Groundball, 56)
Batting: SHB Alberto González 0-0: Ball
1-0: Ball
2-0: Ball
3-0: Called Strike
3-1: Called Strike
3-2: Foul Ball, location: 2F
3-2: Fly out, F7 (Flyball, 78S)
Bottom of the 4th over - 0 runs, 0 hits, 1 error, 1 left on base; Franklin 0 - Ballard 0
TOP OF THE 5TH
Franklin Fire batting - Pitching for Ballard Beavers : RHP Tomás García
Batting: RHB Peter Holland 0-0: Called Strike
0-1: Ball
1-1: Ball
2-1: DOUBLE (Line Drive, 78XD)
Batting: RHB Dan Lewis 0-0: Intentional Walk
Batting: LHB Kent Maxwell 0-0: Called Strike
0-1: Ball
1-1: Foul Ball, location: 2F
1-2: Strikes out swinging
Batting: RHB Tom Winner 0-0: Foul Ball, location: 2F
0-1: Called Strike
0-2: Grounds into double play, 4-6-3 (Groundball, 34)
Top of the 5th over - 0 runs, 1 hit, 0 errors, 1 left on base; Franklin 0 - Ballard 0
BOTTOM OF THE 5TH
Ballard Beavers batting - Pitching for Franklin Fire : LHP Kohei Nishikawa
Batting: LHB Senichi Ito 0-0: Ball
1-0: TRIPLE (Flyball, 78XD)
Batting: RHB Clarence Coffin 0-0: Called Strike
0-1: Foul Ball, location: 2F
0-2: Foul Ball, location: 2F
0-2: Ball
1-2: Strikes out swinging
Batting: SHB Chi-young Wa 0-0: Reached on error, E4 (Groundball, 4)
Senichi Ito scores
Batting: RHB Jim McMahon 0-0: Foul Ball, location: 2F
0-1: Ball
1-1: Ball
2-1: Called Strike
2-2: Foul Ball, location: 2F
2-2: Ball
3-2: Fly out, F7 (Flyball, 7LM)
Batting: LHB Peter Perrantes 0-0: Ball
1-0: Ground out 4-3 (Groundball, 4)
Bottom of the 5th over - 1 run, 1 hit, 1 error, 1 left on base; Franklin 0 - Ballard 1
TOP OF THE 6TH
Franklin Fire batting - Pitching for Ballard Beavers : RHP Tomás García
Batting: LHB Wilson Hernández 0-0: Called Strike
0-1: Foul Ball, location: 2F
0-2: Ball
1-2: Strikes out swinging
Batting: RHB Djakapura Makanamaikai 0-0: DOUBLE (Line Drive, 9LM)
Pitching: RHP Aurelio Ortíz
Batting: LHB Dave Milligan 0-0: Called Strike
0-1: Ball
1-1: Ball
2-1: Foul Ball, location: 2F
2-2: SINGLE (Line Drive, 56S)
Djakapura Makanamaikai to third
Batting: LHB Mitchell Pate 0-0: Foul Ball, location: 2F
0-1: Ball
1-1: Ball
2-1: Fly out, F9 (Flyball, 9D)
Runner from 3rd tags up, SCORES, throw made
Batting: RHB Thomas Flyer 0-0: Ball
1-0: Ball
2-0: Ball
3-0: Called Strike
3-1: Called Strike
3-2: Strikes out looking
Top of the 6th over - 1 run, 2 hits, 0 errors, 1 left on base; Franklin 1 - Ballard 1
BOTTOM OF THE 6TH
Ballard Beavers batting - Pitching for Franklin Fire : LHP Kohei Nishikawa
Batting: RHB Carlo Manlulu 0-0: Swinging Strike
0-1: SINGLE (Line Drive, 56D)
Batting: RHB Marcos Avilés 0-0: Ball
1-0: Foul Ball, location: 2F
1-1: Foul Ball, location: 2F
1-2: Foul Ball, location: 2F
1-2: Ball
2-2: Fielders Choice at 2nd, 1-4 (Groundball, 15)
Batting: RHB Jovy Marcelo 0-0: Called Strike
0-1: Ground out 5-3 (Groundball, 56S)
Marcos Avilés to second
Batting: SHB Alberto González 0-0: Ball
1-0: Foul Ball, location: 2F
1-1: Fly out, F7 (Flyball, 78S)
Bottom of the 6th over - 0 runs, 1 hit, 0 errors, 1 left on base; Franklin 1 - Ballard 1
TOP OF THE 7TH
Franklin Fire batting - Pitching for Ballard Beavers : RHP Aurelio Ortíz
Batting: RHB Peter Holland 0-0: DOUBLE (Line Drive, 89D)
Batting: RHB Dan Lewis 0-0: Intentional Walk
Batting: LHB Kent Maxwell 0-0: Swinging Strike
0-1: Swinging Strike
0-2: Foul Ball, location: 2F
0-2: Ball
1-2: Strikes out swinging
Batting: RHB Tom Winner 0-0: Foul Ball, location: 2F
0-1: Ball
1-1: Fly out, F8 (Flyball, 89XD)
Runner from 2nd tags up, SAFE at 3rd, no throw
Batting: LHB Wilson Hernández 0-0: Called Strike
0-1: Fly out, F4 (Line Drive, 4)
Top of the 7th over - 0 runs, 1 hit, 0 errors, 2 left on base; Franklin 1 - Ballard 1
BOTTOM OF THE 7TH
Ballard Beavers batting - Pitching for Franklin Fire : LHP Kohei Nishikawa
Batting: LHB Senichi Ito 0-0: Ball
1-0: Called Strike
1-1: Ball
2-1: Called Strike
2-2: Foul Ball, location: 2F
2-2: SINGLE (Flyball, 7S)
Pinch Runner at 1st Domingo Torres:
Batting: RHB Clarence Coffin 0-0: Ball
1-0: Ball
2-0: Grounds into double play, 6-4-3 (Groundball, 6)
Batting: SHB Chi-young Wa 0-0: Foul Ball, location: 2F
0-1: Ball
1-1: Foul Ball, location: 2F
1-2: Strikes out looking
Bottom of the 7th over - 0 runs, 1 hit, 0 errors, 0 left on base; Franklin 1 - Ballard 1
TOP OF THE 8TH
Franklin Fire batting - Pitching for Ballard Beavers : RHP Aurelio Ortíz
Now in RF: Domingo Torres
Batting: RHB Djakapura Makanamaikai 0-0: Ball
1-0: Swinging Strike
1-1: Ball
2-1: DOUBLE (Line Drive, 78D)
Batting: LHB Dave Milligan 0-0: Intentional Walk
Batting: LHB Mitchell Pate 0-0: Ball
1-0: Ball
2-0: Foul Ball, location: 2F
2-1: Swinging Strike
2-2: Foul Ball, location: 2F
2-2: Ball
3-2: SINGLE (Flyball, 78S)
Djakapura Makanamaikai to third
Dave Milligan to second
Batting: RHB Thomas Flyer 0-0: Foul Ball, location: 2F
0-1: SINGLE (Groundball, 34)
Djakapura Makanamaikai scores
Dave Milligan to third
Mitchell Pate to second
Batting: RHB Peter Holland 0-0: Called Strike
0-1: Ball
1-1: DOUBLE (Flyball, 78D)
Dave Milligan scores
Mitchell Pate scores
Thomas Flyer to third
Batting: RHB Dan Lewis 0-0: Intentional Walk
Pitching: LHP Jorge González
Batting: LHB Kent Maxwell 0-0: Called Strike
0-1: Foul Ball, location: 2F
0-2: Ball
1-2: Strikes out swinging
Batting: RHB Tom Winner 0-0: Fly out, F3 (Popup, 34S)
Batting: LHB Wilson Hernández 0-0: Called Strike
0-1: Ball
1-1: Foul Ball, location: 2F
1-2: Fly out, F9 (Flyball, 89M)
Top of the 8th over - 3 runs, 4 hits, 0 errors, 3 left on base; Franklin 4 - Ballard 1
BOTTOM OF THE 8TH
Ballard Beavers batting - Pitching for Franklin Fire : LHP Kohei Nishikawa
Batting: RHB Jim McMahon 0-0: Called Strike
0-1: Swinging Strike
0-2: Foul Ball, location: 2F
0-2: Ball
1-2: Strikes out looking
Batting: LHB Peter Perrantes 0-0: Called Strike
0-1: Foul Ball, location: 2F
0-2: Foul Ball, location: 2F
0-2: Fly out, F8 (Flyball, 78D)
Batting: RHB Carlo Manlulu 0-0: Called Strike
0-1: Called Strike
0-2: Ground out 6-3 (Groundball, 6M)
Bottom of the 8th over - 0 runs, 0 hits, 0 errors, 0 left on base; Franklin 4 - Ballard 1
TOP OF THE 9TH
Franklin Fire batting - Pitching for Ballard Beavers : LHP Jorge González
Pitching: LHP Samuel Greene
Batting: RHB Djakapura Makanamaikai 0-0: Foul Ball, location: 2F
0-1: Ball
1-1: Ball
2-1: Swinging Strike
2-2: Strikes out swinging
Batting: LHB Dave Milligan 0-0: Called Strike
0-1: Ball
1-1: Foul Ball, location: 2F
1-2: Ball
2-2: Strikes out swinging
Batting: LHB Mitchell Pate 0-0: Ground out U3 (Groundball, 3L)
Top of the 9th over - 0 runs, 0 hits, 0 errors, 0 left on base; Franklin 4 - Ballard 1
BOTTOM OF THE 9TH
Ballard Beavers batting - Pitching for Franklin Fire : LHP Kohei Nishikawa
Batting: RHB Marcos Avilés 0-0: Ball
1-0: Foul Ball, location: 2F
1-1: Ball
2-1: Ground out 6-3 (Groundball, 6S)
Batting: RHB Jovy Marcelo 0-0: SINGLE (Line Drive, 5D)
Pitching: RHP Carlos Simon
Batting: SHB Alberto González 0-0: Ball
1-0: Foul Ball, location: 2F
1-1: Called Strike
1-2: Grounds into double play, 4-6-3 (Groundball, 4MD)
Bottom of the 9th over - 0 runs, 1 hit, 0 errors, 0 left on base; Franklin 4 - Ballard 1
Wednesday, September 19th, 2018 - OOTP Baseball 18.8 Build 76